 Dungeon Crawl Stone Soup version 0.23.2-33-g5129a83184 (webtiles) character file.

Game seed: 11795599609340113128

3773 Folque the Destroyer (level 9, 0/96 HPs)
             Began as a Demigod Conjurer on July 27, 2019.
             Slain by Harold
             ... wielding a +0 flail
              (20 damage)
             ... on level 9 of the Dungeon.
             The game lasted 00:28:09 (10153 turns).

Folque the Destroyer (Demigod Conjurer)            Turns: 10153, Time: 00:28:10

Health: 0/96       AC: 11    Str: 18    XL:     9   Next: 63%
Magic:  0/18       EV: 13    Int: 23    God:
Gold:   514        SH:  0    Dex: 16    Spells: 2/16 levels left

rFire    . . .     SeeInvis .   C - +2 spear (pierce)
rCold    . . .     Gourm    .   (no shield)
rNeg     . . .     Faith    .   F - +0 ring mail
rPois    .         Spirit   .   x - +0 helmet
rElec    .         Reflect  .   D - +0 cloak
rCorr    .         Harm     .   q - +0 pair of gloves
MR       .....                  E - +0 pair of boots
Stlth    ..........             (no amulet)
HPRegen  0.26/turn              (no ring)
MPRegen  0.16/turn              (no ring)

@: berserking, marked, very slightly contaminated, very quick
A: high mp 1
a: no special abilities


You were on level 9 of the Dungeon.
You were hungry.

You visited 1 branch of the dungeon, and saw 9 of its levels.

You collected 514 gold pieces.

Inventory:

Hand Weapons
 b - a +0 dagger
 d - a +0 whip
 u - a +1 war axe
 C - a +2 spear of piercing (weapon)
Armour
 a - a +0 robe
 k - a +1 robe of magic resistance
 q - a +0 pair of gloves (worn)
 x - a +0 helmet (worn)
 B - a +0 shield
 D - a +0 cloak (worn)
 E - a +0 pair of boots (worn)
 F - a +0 ring mail (worn)
 H - a +0 shield
Magical Staves
 w - an uncursed staff of summoning
Jewellery
 g - an uncursed ring of see invisible {unknown}
 h - a +2 ring of strength {unknown}
Wands
 o - a wand of paralysis (7)
 v - a wand of digging (4)
 G - a wand of clouds (3)
Scrolls
 e - 3 scrolls of remove curse
 f - 2 scrolls of amnesia
 i - 3 scrolls of holy word
 j - 3 scrolls of identify
 l - 7 scrolls of teleportation
 n - 4 scrolls of enchant weapon
 y - 2 scrolls of blinking
 I - a scroll of vulnerability {unknown}
 K - a scroll of fog
Potions
 m - a potion of experience
 p - a potion of flight
 r - 4 potions of brilliance
 s - 2 potions of curing
 t - a potion of invisibility
 z - a potion of mutation
Comestibles
 c - 18 rations


   Skills:
 - Level 1.2 Fighting
 - Level 5.4 Armour
 * Level 3.6 Dodging
 - Level 1.7 Stealth
 - Level 4.0 Spellcasting
 - Level 9.0 Conjurations
 - Level 6.0 Hexes
 + Level 2.0 Translocations


You had 2 spell levels left.
You knew the following spells:

 Your Spells              Type           Power        Failure   Level  Hunger
a - Magic Dart            Conj           ####         1%          1    None
b - Searing Ray           Conj           #####.       1%          2    #......
c - Dazzling Spray        Conj/Hex       #####.       2%          3    ##.....
d - Fulminant Prism       Conj/Hex       #####.....   8%          4    ####...
e - Force Lance           Conj/Tloc      ####....     19%         4    ####...

Your spell library contained the following spells:

 Spells                   Type           Power        Failure   Level  Hunger
 Confusing Touch          Hex            ####..       1%          1    None
 Corona                   Hex            ####...      1%          1    None
 Slow                     Hex            ####....     2%          2    #......
 Sandblast                Erth           #.....       17%         1    None
 Passwall                 Tmut/Erth      #.......     26%         2    #......
 Confuse                  Hex            ####....     4%          3    ##.....
 Iskenderun's Mystic Bla  Conj           #####...     4%          4    ####...
 Stone Arrow              Conj/Erth      ####..       9%          3    ##.....
 Portal Projectile        Hex/Tloc       ###...       10%         3    ##.....
 Cause Fear               Hex            ####......   14%         4    ####...
 Inner Flame              Hex/Fire       ###.....     16%         3    ##.....
 Gell's Gravitas          Tloc           ##........   22%         3    ##.....
 Leda's Liquefaction      Hex/Erth       ###.......   45%         4    ####...
 Metabolic Englaciation   Hex/Ice        ###.......   80%         5    ######.
 Yara's Violent Unravell  Hex/Tmut       ###.......   80%         5    ######.
 Petrify                  Tmut/Erth      #.......     86%         4    ####...
 Lee's Rapid Deconstruct  Erth           #.........   99%         5    ######.


Dungeon Overview and Level Annotations

Branches:
Dungeon (9/15)             Temple (0/1) D:6            Lair (0/6) D:9
    Orc: D:9-12

Shops:
D:6 (

Annotations:
D:7 2 transporters, Derp's ghost, novice DsAK
D:9 Harold


Innate Abilities, Weirdness & Mutations

You have an increased reservoir of magic. (+10% MP)


Message History

Casting: Force Lance (slightly dangerous; 22% risk of failure)
Confirm with . or Enter, or press ? or * to list all spells.
Aiming: Force Lance (slightly dangerous; 22% risk of failure)
Press: ? - help, Shift-Dir - straight line, f/p - Harold
Aim: Harold, wielding a +0 flail and wearing a +0 scale mail (heavily wounded)
You miscast Force Lance.
You are very lightly contaminated with residual magic.
You are momentarily dazzled by a flash of light!
Harold hits you with a +0 flail!
* * * LOW HITPOINT WARNING * * *
A red film seems to cover your vision as you go berserk!
You feel yourself moving faster!
You feel mighty! Harold hits you with a +0 flail!
* * * LOW HITPOINT WARNING * * *
You puncture Harold!
Harold is severely wounded.
You hit Harold.
Harold is severely wounded.
Harold hits you with a +0 flail!!
You die...

#........###.###..#..##...#####
###..#...# #.# #....#...#..#
#..#.#.###'###......####.#
#....#.###_'.....#### #.#
##......###'###..#### #.####
#.......# #.# #.....# #.....
..........###.###.....## #....#
.##.#.............##...####.##..
#..#.........@@................
#. #.........######.#.......##.
# #........## #.####....##.
#........#######.#....#...#.
#######........((..######.##
#####..#######..## ###.##
#.....##.....##.#####.....
#..###.#.......#(##....##.. #
##..รท..[..(.....####..#


You could see Harold.

Vanquished Creatures
  Pikel (D:7)
  Joseph (D:8)
  2 hippogriffs (D:8)
  Sigmund (D:5)
  A hungry ghost (D:8)
  An orc warrior (D:6)
  2 ice beasts (D:5)
  A sky beast (D:8)
  2 slaves (D:8)
  2 phantoms
  4 centaurs
  2 ogres
  2 bullfrogs
  A big kobold (D:8)
  A gnoll sergeant (D:8)
  3 scorpions
  5 howler monkeys
  A centaur zombie (D:9)
  A crimson imp (D:6)
  An orc priest (D:6)
  A bullfrog skeleton (D:5)
  A centaur skeleton (D:9)
  A gnoll shaman (D:5)
  A hound (D:2)
  6 orc wizards
  2 iguanas
  2 worker ants
  A howler monkey zombie (D:6)
  8 gnolls
  9 adders
  4 shadow imps
  2 adder skeletons
  A worm (D:5)
  2 dart slugs
  5 leopard geckos
  22 orcs
  4 bats
  3 giant cockroaches
  4 hobgoblins
  8 jackals
  3 quokkas
  4 ball pythons
  5 frilled lizards
  5 goblins
  11 kobolds
  A leopard gecko skeleton (D:5)
  A quokka skeleton (D:7)
  12 rats
  4 fungi (D:4)
168 creatures vanquished.

Vanquished Creatures (others)
  A jackal (D:8)
  5 fulminant prisms
6 creatures vanquished.

Grand Total: 174 creatures vanquished

Notes
Turn   | Place    | Note
-------+----------+-------------------------------------------
     0 | D:1      | Folque the Demigod Conjurer began the quest for the Orb.
     0 | D:1      | Reached XP level 1. HP: 14/14 MP: 5/5
   308 | D:1      | Reached XP level 2. HP: 19/22 MP: 2/7
   320 | D:1      | Learned a level 2 spell: Searing Ray
   668 | D:2      | Reached skill level 1 in Fighting
   668 | D:2      | Reached XP level 3. HP: 21/28 MP: 1/9
   731 | D:1      | Learned a level 3 spell: Dazzling Spray
   938 | D:2      | Reached skill level 4 in Conjurations
  1292 | D:2      | Reached XP level 4. HP: 17/35 MP: 9/11
  1340 | D:2      | Reached skill level 1 in Hexes
  2194 | D:3      | Reached XP level 5. HP: 34/40 MP: 2/12
  2209 | D:3      | Learned a level 4 spell: Fulminant Prism
  2852 | D:4      | Found a blossoming altar of Fedhas.
  3231 | D:5      | Entered Level 5 of the Dungeon
  3565 | D:5      | Noticed an ice beast
  3574 | D:5      | Killed an ice beast
  3574 | D:5      | Reached XP level 6. HP: 32/47 MP: 5/14
  3965 | D:5      | Reached skill level 5 in Conjurations
  4215 | D:5      | Reached XP level 7. HP: 50/52 MP: 16/16
  4221 | D:5      | Learned a level 4 spell: Force Lance
  4287 | D:5      | Found an ornate altar of the Wu Jian Council.
  4287 | D:5      | Found a hide-covered altar of Uskayaw.
  4334 | D:5      | Noticed Sigmund
  4351 | D:5      | Killed Sigmund
  4351 | D:5      | Reached skill level 1 in Armour
  4707 | D:5      | Found a glowing silver altar of Zin.
  4772 | D:5      | Reached skill level 5 in Hexes
  5015 | D:6      | Found Idytesm's Antique Weapon Shoppe.
  5075 | D:6      | HP: 2/78 [orc wizard/puff of flame (8)]
  5092 | D:6      | HP: 2/52 [orc/+0 short sword (2)]
  5347 | D:6      | Reached XP level 8. HP: 59/59 MP: 12/17
  5638 | D:6      | Found a staircase to the Ecumenical Temple.
  5836 | D:6      | Reached skill level 6 in Conjurations
  6062 | D:7      | Found a snail-covered altar of Cheibriados.
  6069 | D:7      | Found a hazy altar of Hepliaklqana.
  6208 | D:7      | Found a transporter.
  6208 | D:7      | Noticed a brown ugly thing
  6221 | D:7      | Noticed Derp's ghost (novice DsAK)
  6224 | D:7      | Found a transporter.
  6536 | D:7      | Found an iron altar of Okawaru.
  6567 | D:7      | Found a bloodstained altar of Trog.
  6713 | D:8      | Noticed Joseph
  7274 | D:8      | Reached skill level 7 in Conjurations
  7415 | D:8      | Noticed a hippogriff
  7432 | D:8      | Noticed Pikel
  7437 | D:8      | Killed a hippogriff
  8088 | D:8      | Noticed a hippogriff
  8108 | D:8      | Killed a hippogriff
  8108 | D:8      | Reached XP level 9. HP: 27/64 MP: 0/18
  8553 | D:8      | Killed Joseph
  8553 | D:8      | Reached skill level 8 in Conjurations
  8608 | D:7      | Killed Pikel
  8608 | D:7      | Reached skill level 5 in Armour
  8832 | D:8      | Reached skill level 9 in Conjurations
  9423 | D:9      | Found an opulent altar of Gozag.
  9465 | D:9      | Reached skill level 1 in Translocations
  9765 | D:9      | Noticed Harold
  9871 | D:9      | Found a staircase to the Lair.
 10153 | D:9      | Slain by Harold

Skill      XL: |  1  2  3  4  5  6  7  8  9 |
---------------+----------------------------+-----
Spellcasting   | 2 3 4 |  4.0
Fighting       | 1 |  1.2
Conjurations   | 4 5 7 9 |  9.0
Hexes          | 2 3 4 5 6 |  6.0
Armour         | 2 4 5 |  5.4
Dodging        | 3 |  3.6
Translocations | 2 |  2.0
Stealth        | |  1.7

Action                   |  1- 3 |  4- 6 |  7- 9 || total
-------------------------+-------+-------+-------++-------
Melee: Whip              |    17 |       |       ||    17
       Dagger            |    54 |    23 |       ||    77
       War axe           |       |    72 |    58 ||   130
       Spear             |       |       |    80 ||    80
Throw: Throwing net      |       |     1 |     2 ||     3
 Cast: Magic Dart        |    12 |     4 |    10 ||    26
       Searing Ray       |     5 |    18 |    46 ||    69
       Dazzling Spray    |     1 |     5 |    12 ||    18
       Force Lance       |       |       |    28 ||    28
       Fulminant Prism   |       |       |     5 ||     5
Evoke: Wand              |       |     1 |     1 ||     2
  Use: Scroll            |     2 |     6 |     9 ||    17
       Potion            |       |     2 |     5 ||     7
 Stab: Sleeping          |     6 |     5 |     1 ||    12
       Invisible         |     1 |       |       ||     1
       Distracted        |       |     1 |       ||     1
       Paralysed         |       |     5 |       ||     5
       Held in net/web   |       |       |     2 ||     2
  Eat: Chunk             |     2 |    10 |    20 ||    32
       Ration            |       |       |     2 ||     2
Armor: Robe              |    26 |    19 |    60 ||   105
       Ring mail         |       |       |    31 ||    31
Dodge: Dodged            |    61 |    76 |   166 ||   303
